 Dungeon Crawl Stone Soup version 0.28-a0-268-g3f656e82c2 (webtiles) character file.

Game seed: 6524888591826320061

58 theanonym the Sneak (level 3, 0/29 HPs)
             Began as a Mummy Delver on Aug 29, 2021.
             Was a Follower of Trog.
             Slain by a gnoll (11 damage)
             ... on level 2 of the Dungeon.
             The game lasted 00:03:26 (2375 turns).

theanonym the Sneak (Mummy Delver)                  Turns: 2375, Time: 00:03:26

Health: 0/29       AC: 12    Str: 16    XL:     3   Next: 75%
Magic:  3/3        EV:  7    Int:  9    God:    Trog [*.....]
Gold:   74         SH:  0    Dex: 13    Spells: 2/2 levels left

rFire   x . .      SeeInvis .   k - +0 flail
rCold   + . .      Faith    .   (no shield)
rNeg    + + +      Spirit   .   d - +0 chain mail
rPois   ∞          Reflect  .   (no helmet)
rElec   .          Harm     .   (no cloak)
rCorr   .          Rampage  .   (no gloves)
Will    .....                   (no boots)
Stlth   ..........              (no amulet)
HPRegen 0.09/turn               j - +4 ring of protection
MPRegen 0.08/turn               (no ring)

@: no status effects
A: cold resistance 1, negative energy resistance 3, torment resistance 2, heat
vulnerability 1, no potions
a: Renounce Religion


Innate Abilities, Weirdness & Mutations

You are immune to poison.
Your flesh is cold resistant. (rC+)
You are immune to negative energy. (rN+++)
You are immune to unholy pain and torment.
You are vulnerable to heat. (rF-)
You do not drink.


   Skills:
 + Level 3.5 Fighting
 * Level 2.6 Maces & Flails
 + Level 1.1 Armour
 - Level 1.5 Dodging
 - Level 4.1 Stealth


You had 2 spell levels left.
You didn't know any spells.
Your spell library was empty.

Skill      XL: |  1  2  3 |
---------------+----------+-----
Maces & Flails | 2 |  2.6
Armour         | 1 |  1.1
Fighting       | |  3.5
Dodging        | |  1.5
Stealth        | |  4.1

Action                   || total
-------------------------++-------
Melee: Mace              ||    79
       Flail             ||    28
 Stab: Sleeping          ||     1
Armor: Chain mail        ||    95
       Leather armour    ||     1
Dodge: Dodged            ||    51

Inventory:

Hand Weapons
 a - a +0 mace
 k - a +0 flail (weapon)
Armour
 b - a +0 leather armour
 d - a +0 chain mail (worn)
Jewellery
 j - a +4 ring of protection (left hand)
Wands
 c - a wand of digging (3)
Scrolls
 e - a scroll of fear
 f - a scroll of fog
 g - 3 scrolls of amnesia {unknown}
 h - 2 scrolls of identify {unknown}
 i - a scroll of immolation {unknown}
 y - a scroll of magic mapping


You were on level 2 of the Dungeon.
You worshipped Trog.
Trog was aware of your devotion.
You visited 1 branch of the dungeon, and saw 5 of its levels.

You collected 74 gold pieces.

Dungeon Overview and Level Annotations

Branches:
Dungeon (5/15)
 Temple: D:4-7

Altars:
Trog

Annotations:
D:2 Robin

.(.... ### .....
#<# ..... #.#
g.g.. #.#
#####g### #.#
#......# #.#
#......# #.#
#......# #@#
#...gg.# #g#
#####.## #K#
#####.###
#g########........
#gg...g.g.g.......
##########........
#........
#........
#........


You could see a gnoll, a hobgoblin, 2 goblins and a kobold.

Notes
Turn   | Place    | Note
-------+----------+-------------------------------------------
     0 | D:5      | theanonym the Mummy Delver began the quest for the Orb.
     0 | D:5      | Reached XP level 1. HP: 18/18 MP: 1/1
   173 | D:3      | HP: 9/18 [worm (5)]
   321 | D:2      | HP: 8/18 [quokka (4)]
   326 | D:2      | Reached skill level 2 in Maces & Flails
   326 | D:2      | Reached XP level 2. HP: 9/24 MP: 2/2
   933 | D:1      | Found a faded altar of an unknown god.
  1460 | D:2      | Reached XP level 3. HP: 25/29 MP: 3/3
  1680 | D:2      | Reached skill level 1 in Armour
  1682 | D:2      | HP: 14/29 [gnoll (5)]
  1683 | D:2      | HP: 3/29 [gnoll (6)]
  1760 | D:2      | HP: 8/29 [gnoll (2)]
  2022 | D:2      | Noticed Robin
  2304 | D:1      | Became a worshipper of Trog the Wrathful
  2304 | D:1      | Reached * piety under Trog
  2374 | D:2      | HP: 11/29 [gnoll (5)]
  2375 | D:2      | Slain by a gnoll

Vanquished Creatures
  2 gnolls (D:1)
  An adder (D:2)
  A worm (D:3)
  2 dart slugs (D:1)
  4 endoplasms
  A giant cockroach (D:1)
  3 goblins
  3 quokkas
  2 bats
  2 frilled lizards
  4 rats
25 creatures vanquished.

Table legend: (Time is in decaauts)
 A = Elapsed time spent in this place.
 B = Non-inter-level travel time spent in this place.
 C = Inter-level travel time spent in this place.
 D = Time resting spent in this place.
 E = Time spent auto-exploring this place.
 F = Levels seen in this place.
 G = Mean time per level.
                   A        B        C        D        E       F      G
               +--------+--------+--------+--------+--------+-----+--------+
         Total |   2411 |   2290 |    121 |    616 |   1083 |   5 |  482.2 |
       Dungeon |   2411 |   2290 |    121 |    616 |   1083 |   5 |  482.2 |
               +--------+--------+--------+--------+--------+-----+--------+

Top non-repeatable levels by time:
     D:1: 1319 daAuts
     D:2: 775 daAuts
     D:3: 216 daAuts
     D:4: 70 daAuts
     D:5: 30 daAuts
